Map: Bridgehead LE (Void)

Players

SticklerMac

  • Race: Zerg Zerg

Usegi - Winner!

  • Race: Zerg Zerg
  • League: Grandmaster

VOD

Have the link to the VOD?

Description

Time

  • Played on: Aug. 6, 2015, 7:21 p.m.
  • Length: 5:42
Show
View Real Time Build Order
Export as new Build Order

SticklerMac Zerg 

Build Orders: Pool First 

Get SALT Encoding   

  12  0:01  Drone  
  13  0:23  Spawning Pool  
  13  0:27  Drone  
  13  0:32  Drone  
  14  0:41  Overlord  
  14  0:56  Extractor  
  13  1:00  Drone x2  
  15  1:10  Queen  
  17  1:11  Zergling x2  
  17  1:13  Zergling x2  
  19  1:23  Zergling x2  
  20  1:33  Zergling x2  
  21  1:43  Zergling x2  
  22  1:59  Overlord  
  22  2:08  Hatchery, Zergling x2  
  24  2:26  Zergling x8  
  25  2:38  Zergling x4  
  27  2:47  Zergling x2  
  28  2:58  Metabolic Boost  
  28  3:13  Zergling x2  
  23  3:25  Zergling x4  
  25  3:29  Drone  
  26  3:34  Queen  
  28  3:47  Drone  
  30  3:53  Zergling x4  
  31  4:01  Drone  
  32  4:07  Drone  
  33  4:13  Drone  
  33  4:24  Zergling x2  
  33  4:25  Zergling x2  
  29  4:37  Zergling x4  
  29  4:38  Zergling x2  
  31  4:40  Zergling x2  
  24  4:54  Drone x3  
  26  5:00  Zergling x2  
  26  5:03  Zergling x2  
  26  5:05  Zergling x2  
  24  5:12  Zergling x2  
  19  5:16  Zergling x2  
Show
View Real Time Build Order
Export as new Build Order

Usegi Zerg - Winner!

Build Orders: Pool First 

Get SALT Encoding   

  12  0:17  Drone  
  12  0:20  Extractor  
  12  0:29  Drone, Spawning Pool  
  12  0:37  Drone  
  13  0:47  Drone  
  13  0:49  Overlord  
  14  1:16  Queen  
  14  1:17  Drone  
  17  1:20  Drone  
  17  1:22  Drone  
  19  1:29  Metabolic Boost  
  19  1:43  Drone  
  19  2:03  Zergling x6  
  19  2:07  Spine Crawler  
  21  2:24  Hatchery  
  21  2:25  Zergling x2  
  21  2:26  Zergling x2  
  22  2:36  Overlord  
  22  2:41  Evolution Chamber  
  22  2:43  Drone  
  22  3:01  Overlord  
  22  3:07  Spine Crawler  
  22  3:12  Zergling x2  
  21  3:24  Zergling x10  
  24  3:38  Zergling x2  
  24  3:39  Zergling x2  
  24  3:40  Queen  
  28  3:49  Zergling x4  
  28  4:03  Drone  
  28  4:06  Drone, Roach Warren  
  29  4:27  Zergling x8  
  31  4:55  Drone x2  
  31  4:56  Drone x2, Overlord  
  31  5:27  Drone  
  36  5:28  Drone  
  36  5:29  Drone  
Tags
 
Add a new tag
Caveats
  • Supply blocks, unpowered buildings, or Contaminate may cause inaccurate times.
  • Supply counts are checked every 10 seconds.